 Dungeon Crawl Stone Soup version 0.30-a0-1066-g63dfefce0d (webtiles) character file.

Game seed: 12211202656458212512

4225 jimonade the Poker (level 10, -5/76 HPs)
             Began as a Demonspawn Fighter on Apr 12, 2023.
             Was a Believer of Cheibriados.
             Slain by Grum
             ... wielding a -2 glaive
              (12 damage)
             ... on level 8 of the Dungeon.
             The game lasted 00:21:05 (7186 turns).

jimonade the Poker (Demonspawn Fighter)             Turns: 7186, Time: 00:21:05

Health: -5/76      AC: 14    Str: 23    XL:     10   Next: 9%
Magic:  0/13       EV:  9    Int: 17    God:    Cheibriados [**....]
Gold:   557        SH:  6    Dex: 18    Spells: 13/13 levels left

rFire   + . .      SeeInvis .    a - +2 whip (venom)
rCold   . . .      Faith    .    c - +0 buckler
rNeg    + . .      Spirit   +    f - +0 chain mail
rPois   .          Reflect  .    (no helmet)
rElec   .          Rampage  .    C - scarf {+Inv}
rCorr   .                        m - +0 pair of gloves
Will    .....                    (boots unavailable) Stlth
                                 B - amulet of guardian spirit
HPRegen 0.32/turn                i - ring of protection from fire
MPRegen 0.13/turn                p - ring of positive energy

@: mighty, very slow
A: hooves 3, molten scales 2, demonic guardian 1
a: Renounce Religion, Evoke Invisibility, Bend Time


You were on level 8 of the Dungeon.
You worshipped Cheibriados.
Cheibriados was pleased with you.
You visited 1 branch of the dungeon, and saw 8 of its levels.

You collected 557 gold pieces.

Inventory:

Hand Weapons
 a - a +2 whip of venom (weapon)
 b - the +1 sling of Severance {drain, rPois Will+++ Str-2 Dex+3}
   (You found it on level 2 of the Dungeon)

   Str:       It affects your strength (-2).
   Dex:       It affects your dexterity (+3).
   rPois:     It protects you from poison.
   Will:      It greatly increases your willpower.
 l - a +0 trident
 w - a +4 rapier
 A - a +0 broad axe
 I - a +0 shortbow of flaming
Missiles
 z - 9 poisoned darts
Armour
 c - a +0 buckler (worn)
 e - a +0 plate armour
 f - a +0 chain mail (worn)
 k - a +0 leather armour
 m - a +0 pair of gloves (worn)
 q - a +0 ring mail
 y - a +0 scale mail
 C - a scarf of invisibility (worn)
Jewellery
 i - a ring of protection from fire (left hand)
 p - a ring of positive energy (right hand)
 B - an amulet of guardian spirit (around neck)
 E - a ring of flight
 M - a ring of see invisible
Wands
 x - a wand of polymorph (5)
 F - a wand of flame (30)
 R - a wand of roots (8)
Scrolls
 g - a scroll of amnesia
 j - a scroll of fear
 s - a scroll of blinking
 G - 2 scrolls of teleportation
Potions
 d - a potion of ambrosia {unknown}
 h - 3 potions of cancellation
 n - 2 potions of lignification
 o - 3 potions of heal wounds
 r - 6 potions of curing
 t - 2 potions of brilliance
 D - 2 potions of magic {unknown}
 L - 3 potions of flight
 P - a potion of berserk rage {unknown}
 S - a potion of experience {unknown}


   Skills:
 + Level 6.0 Fighting
 + Level 2.4 Maces & Flails
 + Level 6.3 Polearms
 + Level 5.6 Ranged Weapons
 + Level 5.7 Armour
 + Level 2.8 Dodging
 + Level 1.0 Stealth
 + Level 4.5 Shields
 * Level 2.4 Spellcasting
 * Level 3.4 Necromancy
 - Level 3.0 Translocations


You had 13 spell levels left.
You didn't know any spells.
Your spell library contained the following spells:

 Spells                   Type           Power      Damage    Failure   Level
 Necrotise                Necr           52%        1d6       32%         1
 Lesser Beckoning         Tloc           24%        N/A       50%         2
 Vampiric Draining        Necr           13%        2d6       67%         3
 Gell's Gravitas          Tloc           12%        N/A       75%         3
 Teleport Other           Tloc           12%        N/A       75%         3
 Agony                    Necr           13%        N/A       100%        5


Dungeon Overview and Level Annotations

Branches:
Dungeon (8/15)             Temple (0/1) D:7
   Lair: D:8-11

Altars:
Cheibriados
Makhleb
Nemelex Xobeh
Ru
Yredelemnul

Shops:
D:6 =   D:8 [

Portals:
Abyss: D:5
Bailey: D:8

Annotations:
D:4 3 runed translucent doors, Pimp's ghost, novice DEHu; Sigmund; epsilonplus's ghost, novice TeHu
D:5 2 transporters, hgbash's ghost, novice MiFi
D:8 Grum


Innate Abilities, Weirdness & Mutations

You have hooves in place of feet.
You are mostly covered in molten scales. (AC +3)
A weak demonic guardian rushes to your aid.


Message History

You are too injured to fight recklessly!
You are too injured to fight recklessly!
You miss the wolf. You kick the wolf!
The wolf is moderately wounded.
The wolf bites you but does no damage. The wolf barely misses you. x2
Grum barely misses you.
You miss the wolf. You kick the wolf.
The wolf is lightly wounded.
The wolf bites you but does no damage. You block the wolf's attack. x2
Grum barely misses you.
You closely miss the wolf. Your kick misses the wolf.
The wolf is moderately wounded.
The wolf bites you! You block the wolf's attack. The wolf misses you.
The wolf closely misses you. You block Grum's attack.
You whack the wolf! You kick the wolf.
You kill the wolf!
Cheibriados thoroughly appreciates the change of pace.
The wolf bites you but does no damage. Grum closely misses you.
The wolf barely misses you.
You miss the wolf. You kick the wolf.
The wolf is heavily wounded.
The wolf bites you.
Grum hits you from afar with a -2 glaive.
* * * LOW HITPOINT WARNING * * *
The wolf closely misses you. The wolf bites you.
* * * LOW HITPOINT WARNING * * *
Grum hits you with a -2 glaive!
* * * LOW HITPOINT WARNING * * *
A demonic guardian appears!
The wolf bites you but does no damage.
Things that are here:
a wolf corpse; a wolf corpse You hit Grum.
Grum is poisoned.
Grum is lightly wounded.
The wolf bites you but does no damage. Grum closely misses you.
The wolf barely misses you.
You closely miss Grum. Your kick misses Grum.
Grum is lightly wounded.
Your ufetubus barely misses Grum.
Your ufetubus closely misses Grum.
The wolf completely misses you. Grum hits you with a -2 glaive!
You die...

########
.#.#######...g@.#
g.......8....5#h#
.....8.....8....#
..............#.#
..#...........#.####
...8....∩....8.....#
..#...........####.#
#..............#
#.######
.....8.....8..#
#......#


You could see Grum (very poisoned, ally target), a wolf and a friendly ufetubus
(summoned).

Vanquished Creatures
  2 kobold demonologists (D:8)
  5 yaks (D:8)
  Duvessa (D:5)
  3 water moccasins
  An orc warrior (D:6)
  2 sky beasts
  4 black bears
  2 ogres
  2 wolves (D:8)
  2 centaurs
  A phantom (D:7)
  3 kobold brigands
  A bullfrog (D:6)
  3 scorpions
  Dowan (D:5)
  2 howler monkeys (D:8)
  3 jellies
  3 orc priests
  A gnoll bouda (D:6)
  3 hounds
  A sleepcap (D:6)
  Natasha (twice) (D:4)
  2 iguanas
  An orc wizard (D:4)
  8 gnolls
  13 adders
  A shadow imp (D:7)
  A white imp (D:6)
  2 ufetubi (D:4)
  4 dart slugs
  15 orcs
  5 bats (D:2)
  9 endoplasms
  3 giant cockroaches
  7 goblins
  8 hobgoblins
  9 jackals
  2 quokkas (D:1)
  6 ball pythons
  7 frilled lizards
  9 kobolds
  3 rats
  A spectral orc (D:6)
164 creatures vanquished.

Vanquished Creatures (collateral kills)
  A kobold (D:8)
1 creature vanquished.

Grand Total: 165 creatures vanquished

Notes
Turn   | Place    | Note
-------+----------+-------------------------------------------
     0 | D:1      | jimonade the Demonspawn Fighter began the quest for the
                  | Orb.
     0 | D:1      | Reached XP level 1. HP: 18/18 MP: 1/1
   166 | D:1      | Gained mutation: You are partially covered in molten
                  | scales. (AC +2) [demonic ancestry]
   166 | D:1      | Reached XP level 2. HP: 22/24 MP: 2/2
   592 | D:2      | Gained mutation: You have large cloven feet. [demonic
                  | ancestry]
   592 | D:2      | Reached XP level 3. HP: 26/29 MP: 3/3
   645 | D:2      | Found a faded altar of an unknown god.
   974 | D:2      | Identified the +1 sling of Severance {drain, rPois Will+++
                  | Str-2 Dex+3}
   991 | D:2      | Gained mutation: You are mostly covered in molten scales.
                  | (AC +3) [demonic ancestry]
   991 | D:2      | Reached XP level 4. HP: 11/35 MP: 4/4
  1611 | D:3      | Noticed a water moccasin
  1636 | D:3      | Killed a water moccasin
  1637 | D:3      | Reached skill level 1 in Ranged Weapons
  1637 | D:3      | Reached XP level 5. HP: 13/42 MP: 3/5
  2431 | D:4      | Reached XP level 6. HP: 47/48 MP: 4/6
  2691 | D:4      | Noticed Natasha
  2695 | D:4      | Killed Natasha
  2760 | D:4      | Noticed Sigmund
  2928 | D:4      | Gained mutation: You have hoof-like feet. [demonic
                  | ancestry]
  2928 | D:4      | Reached XP level 7. HP: 23/54 MP: 1/7
  3092 | D:4      | Found a runed translucent gate.
  3095 | D:4      | Found a runed translucent gate.
  3095 | D:4      | Found a runed translucent gate.
  3097 | D:4      | Noticed epsilonplus's ghost (novice TeHu)
  3097 | D:4      | Noticed Pimp's ghost (novice DEHu)
  3155 | D:4      | Noticed Natasha
  3162 | D:4      | Killed Natasha
  3446 | D:5      | Entered Level 5 of the Dungeon
  3526 | D:5      | Reached skill level 5 in Polearms
  3526 | D:5      | Reached skill level 1 in Dodging
  3610 | D:5      | Found a burning altar of Makhleb.
  3610 | D:5      | Found a sparkling altar of Nemelex Xobeh.
  3619 | D:5      | Found a faded altar of an unknown god.
  3621 | D:5      | Found a snail-covered altar of Cheibriados.
  3623 | D:5      | Found a faded altar of an unknown god.
  3627 | D:5      | Became a worshipper of Cheibriados the Contemplative
  3735 | D:5      | Noticed Duvessa
  3735 | D:5      | Noticed Dowan
  3751 | D:5      | Killed Duvessa
  3759 | D:5      | Killed Dowan
  3984 | D:5      | Found a transporter.
  4008 | D:5      | Reached XP level 8. HP: 61/61 MP: 8/8
  4021 | D:5      | Found a transporter.
  4060 | D:5      | Found a one-way gate to the infinite horrors of the Abyss.
  4060 | D:5      | Noticed hgbash's ghost (novice MiFi)
  4063 | D:5      | You fall into a shaft and drop 2 floors!
  4342 | D:5      | Reached skill level 1 in Translocations
  4600 | D:6      | Reached * piety under Cheibriados
  4763 | D:6      | Found Xinlatue's Jewellery Shoppe.
  5075 | D:6      | Reached skill level 5 in Fighting
  5725 | D:6      | Found a basalt altar of Yredelemnul.
  5828 | D:7      | Gained mutation: A weak demonic guardian rushes to your
                  | aid. [demonic ancestry]
  5828 | D:7      | Reached XP level 9. HP: 68/68 MP: 9/9
  5832 | D:7      | Found a staircase to the Ecumenical Temple.
  5931 | D:7      | Reached skill level 5 in Armour
  6150 | D:7      | Found a sacrificial altar of Ru.
  6256 | D:7      | Reached skill level 1 in Maces & Flails
  6340 | D:7      | Identified the +0 dagger of Mourning {freeze, rF- rC+++
                  | Dex+6}
  6881 | D:8      | Noticed a kobold demonologist
  6892 | D:8      | Killed a kobold demonologist
  6892 | D:8      | Reached ** piety under Cheibriados
  6893 | D:8      | Reached skill level 1 in Necromancy
  6899 | D:8      | Reached skill level 5 in Ranged Weapons
  6899 | D:8      | Reached skill level 1 in Spellcasting
  6921 | D:8      | Noticed a kobold demonologist
  6931 | D:8      | Noticed an orange demon
  6932 | D:8      | Killed a kobold demonologist
  6933 | D:8      | Reached skill level 1 in Stealth
  7002 | D:8      | Gained mutation: You have hooves in place of feet. [demonic
                  | ancestry]
  7002 | D:8      | Reached XP level 10. HP: 43/76 MP: 8/13
  7067 | D:8      | Found Pithrape's Armour Shop.
  7152 | D:8      | Found a flagged portal.
  7163 | D:8      | Noticed Grum
  7186 | D:8      | Slain by Grum

Illustrated notes

Levels and vault maps discovered:
D:1:      eino_arrival_druids_welcome, layout_rooms
D:2:      layout_loops_ring, hellmonk_ecumenical_altar_lost_god
D:3:      layout_basic, skrybe_limestone_x, st_stairs_11
D:4:      layout_basic, gammafunk_ghost_cemetery, uniq_sigmund, uniq_natasha,
          uniq_crazy_yiuf_cottage
D:5:      layout_rooms, chequers_temple_overflow_minitemple,
          gammafunk_ghost_abyssal_escape, uniq_duvessa
D:6:      layout_cave_pools, yredelemnul_forgotten_temple_becter, serial_shops,
          nicolae_take_the_stairs, columned_hall_lemuel, minmay_between
D:7:      layout_basic, lemuel_crystal_altar, minmay_temple_entry_glass
D:8:      layout_loops_cross, serial_shops, nicolae_shop_waterfront,
          enter_bailey_6, minmay_misc_feat_x, uniq_grum

Skill      XL: |  1  2  3  4  5  6  7  8  9 |
---------------+----------------------------+-----
Polearms       | 2 3 4 5 6 |  6.3
Shields        | 3 4 |  4.5
Armour         | 3 4 5 |  5.7
Ranged Weapons | 1 2 3 4 5 |  5.6
Fighting       | 4 5 6 |  6.0
Dodging        | 1 2 |  2.8
Translocations | 2 3 |  3.0
Maces & Flails | 2 |  2.4
Necromancy     | 3 |  3.4
Spellcasting   | 2 |  2.4
Stealth        | 1 |  1.0

Action                     |  1- 3 |  4- 6 |  7- 9 | 10-12 || total
---------------------------+-------+-------+-------+-------++-------
  Melee: Trident           |   132 |   146 |   174 |       ||   452
         Kick              |     8 |    32 |   111 |     5 ||   156
         Whip              |       |       |   138 |    19 ||   157
   Fire: Sling             |       |    46 |   105 |     1 ||   152
    Use: Scroll            |       |     6 |    11 |       ||    17
         Potion            |       |       |     1 |     1 ||     2
 Armour: Chain mail        |   103 |   109 |   237 |    22 ||   471
         Scale mail        |     4 |       |       |       ||     4
         Plate armour      |     1 |       |       |       ||     1
  Dodge: Dodged            |    44 |    44 |   135 |    23 ||   246
  Block: Buckler           |    25 |    35 |    92 |    16 ||   168

Table legend: (Time is in decaauts)
 A = Elapsed time spent in this place.
 B = Non-inter-level travel time spent in this place.
 C = Inter-level travel time spent in this place.
 D = Time resting spent in this place.
 E = Time spent auto-exploring this place.
 F = Levels seen in this place.
 G = Mean time per level.
                   A        B        C        D        E       F      G
               +--------+--------+--------+--------+--------+-----+--------+
         Total |   7966 |   7727 |    239 |   1376 |   4322 |   8 |  995.8 |
       Dungeon |   7966 |   7727 |    239 |   1376 |   4322 |   8 |  995.8 |
               +--------+--------+--------+--------+--------+-----+--------+

Top non-repeatable levels by time:
     D:7: 1595 daAuts
     D:6: 1493 daAuts
     D:3: 1271 daAuts
     D:5: 958 daAuts
     D:4: 836 daAuts
     D:2: 807 daAuts
     D:1: 602 daAuts
     D:8: 401 daAuts
